 Dungeon Sprint DCSS version 0.26-a0-958-gf3041fb45f (webtiles) character file.

Game seed: 5714477170770978594

286 iamoutofideas the Thaumaturge (level 6, -5/32 HPs)
             Began as a Deep Elf Fire Elementalist on Nov 30, 2020.
             Was an Initiate of Vehumet.
             Killed from afar by a deep elf mage (30 damage)
             ... with a bolt of cold
             ... in the Dungeon (Sprint III: "The Ten Rune Challenge").
             The game lasted 00:02:11 (634 turns).

iamoutofideas the Thaumaturge (DEFE)                 Turns: 634, Time: 00:02:11

Health: -5/32      AC:  6    Str:  5    XL:     6   Next: 8%
Magic:  1/20       EV: 14    Int: 22    God:    Vehumet [......]
Gold:   29         SH:  0    Dex: 15    Spells: 4/24 levels left

rFire    + . .     SeeInvis .   (no weapon)
rCold    . . .     Faith    .   (no shield)
rNeg     . . .     Spirit   .   p - +1 robe {rF+}
rPois    +         Reflect  .   (no helmet)
rElec    .         Harm     .   k - +2 cloak {rPois}
rCorr    .         Rampage  .   (no gloves)
MR       .....     NoTele   +   (no boots)
Stlth    ++........             (no amulet)
HPRegen  0.10/turn              (no ring)
MPRegen  0.17/turn              (no ring)

@: very slightly contaminated
A: no striking features
a: Renounce Religion


You were in the Dungeon.
You worshipped Vehumet.
Vehumet was noncommittal.
You visited 1 branch You collected 29 gold pieces.

Inventory:

Hand Weapons
 j - a +3 quarterstaff of chaos
Armour
 k - a +2 cloak of poison resistance (worn)
 p - a +1 robe of fire resistance (worn)
Wands
 b - a wand of random effects (20)
Scrolls
 h - a scroll of blinking
 l - 2 scrolls of immolation {unknown}
 m - 2 scrolls of identify {unknown}
 n - 3 scrolls of remove curse
Potions
 c - a potion of curing
 d - a potion of heal wounds
 e - a potion of haste
 f - 2 potions of magic
 g - a potion of berserk rage
 i - 5 potions of flight
 o - 5 potions of mutation


   Skills:
 - Level 3.4 Dodging
 - Level 3.2 Stealth
 * Level 9.6 Spellcasting
 * Level 7.2 Conjurations
 + Level 9.2 Fire Magic


You had 4 spell levels left.
You knew the following spells:

 Your Spells              Type           Power        Failure   Level
a - Foxfire               Conj/Fire      ####         1%          1
b - Sticky Flame          Conj/Fire      #####...     2%          4
c - Conjure Flame         Conj/Fire      #####...     1%          3
d - Fireball              Conj/Fire      #####.....   6%          5
e - Mephitic Cloud        Conj/Pois/Air  ###.....     7%          3
f - Call Imp              Summ           ##......     10%         2
g - Blink                 Tloc           N/A          10%         2

Your spell library contained the following spells:

 Spells                   Type           Power        Failure   Level
 Magic Dart               Conj           ####         1%          1
 Inner Flame              Hex/Fire       ####....     2%          3
 Slow                     Hex            ##......     10%         2


Dungeon Overview and Level Annotations

Branches:
Dungeon (1/1)

Altars:
Dithmenos
Elyvilon
Kikubaaqudgha
Ru
Sif Muna
Vehumet
Yredelemnul
Zin
The Shining One


Message History

The deep elf mage hits you with a +1 long sword of holy wrath!
Unknown command.
Unknown command.
Unknown command.
Casting: Fireball (extremely dangerous; 6% risk of failure)
Confirm with . or Enter, or press ? or * to list all spells.
The spell is extremely dangerous to cast (6% risk of failure)!
Continue anyway?
Aiming: Fireball (extremely dangerous; 6% risk of failure)
Press: ? - help, Shift-Dir - straight line The fireball explodes!
The fireball engulfs the deep elf mage!
The deep elf mage is almost dead.
Unknown command.
Unknown command.
Unknown command.
Unknown command.
The deep elf mage drinks a potion.
The deep elf mage is healed!
The deep elf mage casts a spell at you. The bolt of cold hits you!!
Ouch! That really hurt!
You die...

▓▓▓▓▓▓▓▓ ▓▓▓ .'...♣.♣♣
♣.##### #### .#......♣
♣♣.#___# #__# ##....♣.♣
♣..#.e.# #._# .#....≈♣♣
♣..###'#+###)## .#...≈≈♣♣
♣.#..........#
.#..≈≈≈≈♣♣♣♣.'.⌠@.......#
'#..≈≈≈≈≈≈♣♣.#...######+#
†#.≈≈≈≈≈≈....#.⌠.#
.#.≈≈≈≈≈.....#[..#
.#.≈≈≈.......#'###
##...........#..)#
.....÷.......#___#
▓▓▓▓▓▓▓▓▓▓▓▓▓▓▓▓▓▓


You could see a deep elf mage.

Vanquished Creatures
  A necrophage (D)
  A water elemental (D)
  Crazy Yiuf (D)
  Jessica (D)
  A wizard (D)
  A necromancer (D)
  A human (D)
  A kobold demonologist (D)
  3 rats (D)
11 creatures vanquished.

Vanquished Creatures (others)
  62 foxfires (D)
  3 plants (D)
65 creatures vanquished.

Grand Total: 76 creatures vanquished

Notes
Turn   | Place    | Note
-------+----------+-------------------------------------------
     0 | D        | iamoutofideas the Deep Elf Fire Elementalist began the
                  | quest for the Orb.
     0 | D        | Reached XP level 1. HP: 10/10 MP: 6/6
    77 | D        | Noticed Jessica
    80 | D        | Killed Jessica
    81 | D        | Reached skill level 5 in Fire Magic
    81 | D        | Reached XP level 2. HP: 12/15 MP: 4/9
   162 | D        | Reached skill level 5 in Spellcasting
   162 | D        | Reached XP level 3. HP: 19/19 MP: 1/11
   240 | D        | Noticed Crazy Yiuf
   247 | D        | Killed Crazy Yiuf
   248 | D        | Reached XP level 4. HP: 24/24 MP: 4/14
   341 | D        | Learned a level 4 spell: Sticky Flame
   345 | D        | Learned a level 3 spell: Conjure Flame
   345 | D        | Noticed a water elemental
   354 | D        | Killed a water elemental
   355 | D        | Reached skill level 5 in Conjurations
   470 | D        | Found a basalt altar of Yredelemnul.
   470 | D        | Found a shadowy altar of Dithmenos.
   470 | D        | Found a sacrificial altar of Ru.
   470 | D        | Noticed a necrophage
   476 | D        | Killed a necrophage
   477 | D        | Reached XP level 5. HP: 21/28 MP: 10/18
   557 | D        | Learned a level 5 spell: Fireball
   564 | D        | Found a radiant altar of Vehumet.
   564 | D        | Found a shimmering blue altar of Sif Muna.
   564 | D        | Found an ancient bone altar of Kikubaaqudgha.
   570 | D        | Reached XP level 6. HP: 32/32 MP: 11/20
   592 | D        | Became a worshipper of Vehumet
   597 | D        | Learned a level 3 spell: Mephitic Cloud
   600 | D        | Learned a level 2 spell: Call Imp
   603 | D        | Learned a level 2 spell: Blink
   627 | D        | Found a glowing silver altar of Zin.
   627 | D        | Found a glowing golden altar of the Shining One.
   627 | D        | Found a white marble altar of Elyvilon.
   629 | D        | Noticed a deep elf mage
   634 | D        | Killed from afar by a deep elf mage

Illustrated notes

Levels and vault maps discovered:
D:        dungeon_sprint_mu [sprint_mu_entry_forest, sprint_mu_temple_rooms,
          sprint_mu_d1_horrors, sprint_mu_d2_genie, sprint_mu_d3_branching,
          sprint_mu_orc_legion, sprint_mu_elf_gauntlet, sprint_mu_hive_nellie,
          sprint_mu_lair_fedhas, sprint_mu_vaults_butterflies,
          sprint_mu_slime_circle, sprint_mu_swamp_cave, sprint_mu_shoals_archi,
          sprint_mu_blade_basic, sprint_mu_crypt_fortress,
          sprint_mu_tomb_spiral, sprint_mu_vestibule_basic,
          sprint_mu_gehenna_hellfire, sprint_mu_dis_giant,
          sprint_mu_tartarus_statrot, sprint_mu_cocytus_islands, sprint_mu_zot1]

Skill      XL: |  1  2  3  4  5 |
---------------+----------------+-----
Dodging        | 3 |  3.4
Stealth        | 3 |  3.2
Spellcasting   | 4 5 6 8 9 |  9.6
Fire Magic     | 5 6 8 9 |  9.2
Conjurations   | 2 3 6 7 |  7.2

Action                   |  1- 3 |  4- 6 || total
-------------------------+-------+-------++-------
 Cast: Foxfire           |    24 |    13 ||    37
       Conjure Flame     |       |     1 ||     1
       Fireball          |       |     4 ||     4
  Use: Scroll            |     1 |       ||     1
Armor: Robe              |       |     1 ||     1
Dodge: Dodged            |       |     5 ||     5

Table legend: (Time is in decaauts)
 A = Elapsed time spent in this place.
 B = Non-inter-level travel time spent in this place.
 C = Inter-level travel time spent in this place.
 D = Time resting spent in this place.
 E = Time spent auto-exploring this place.
 F = Levels seen in this place.
 G = Mean time per level.
                   A        B        C        D        E       F      G
               +--------+--------+--------+--------+--------+-----+--------+
         Total |    638 |    638 |      0 |    264 |    135 |   1 |  638.0 |
       Dungeon |    638 |    638 |      0 |    264 |    135 |   1 |  638.0 |
               +--------+--------+--------+--------+--------+-----+--------+

Top non-repeatable levels by time:
       D: 638 daAuts
